[Event "*** SCC Grand Prix: Titled Tuesday Blitz"]
[Site "Chess.com"]
[Date "2020.10.06"]
[Round "5"]
[White "fighter2jz"]
[Black "brunomorado"]
[Result "1-0"]
[WhiteElo "2672"]
[BlackElo "2438"]
[TimeControl "180+1"]
[EndTime "10:53:51 PDT"]
[Termination "fighter2jz won by resignation"]

1. e4 c5 2. Nf3 Nc6 3. d4 cxd4 4.
Nxd4 e5 5. Nb5 d6 6. N1c3 a6 7. Na3 b5 8. Nd5 Nce7 9. c4 Nxd5 10. exd5 bxc4 11. Nxc4 f5 12. Be3 Rb8 13. Qa4+ Kf7 14. Rc1 Nf6 15. Na5 Rxb2 16. Nc6 Qd7 17. Bxa6 Bxa6 18.
Qxa6 Nxd5 19. Qc4 1-0

[Event "*** SCC Grand Prix: Titled Tuesday Blitz"]
[Site "Chess.com"]
[Date "2020.10.06"]
[Round "5"]
[White "FramboiseDePrintemps"]
[Black "Playgood28"]
[Result "1-0"]
[WhiteElo "2662"]
[BlackElo "2301"]
[TimeControl "180+1"]
[EndTime "10:53:51 PDT"]
[Termination "FramboiseDePrintemps won by resignation"]

1. d4 f5 2. g3 Nf6 3. Bg2 g6 4. c4 d6 5. Nc3 Bg7 6. Nh3 O-O 7. d5 c6 8. O-O e5 9. dxe6 Bxe6 10. Qb3 Qe7 11. Ng5 Bf7 12. Nxf7 Qxf7 13. Bf4 Rd8 14. Rfd1 Ne8 15. e4 Na6 16. exf5 gxf5 17. Qc2 Qxc4 18. Qxf5 Qf7 19. Qxf7+ Kxf7 20. Be4 Nf6 21. Bf5 d5 22. Rac1 Nc5 23. Nb5 Nce4 24. Nc7 Rab8 25. Ne6 Ra8 26. Nxd8+ Rxd8 27. Rc2 Re8 28. f3 1-0

[Event "*** SCC Grand Prix: Titled Tuesday Blitz"]
[Site "Chess.com"]
[Date "2020.10.06"]
[Round "5"]
[White "maximnovik"]
[Black "TigrVShlyape"]
[Result "0-1"]
[WhiteElo "2531"]
[BlackElo "2814"]
[TimeControl "180+1"]
[EndTime "10:53:56 PDT"]
[Termination "TigrVShlyape won by resignation"]

1. d4 Nf6 2. Bg5 d5 3. Bxf6 gxf6 4. e3 c5 5. c4 e6 6. Nc3 cxd4 7. exd4 dxc4 8. Bxc4 Nc6 9. Nf3 Bg7 10. O-O O-O 11. d5 Na5 12. Be2 f5 13. Rc1 exd5 14. b4 Nc6 15.
Nxd5 Be6 16. Nf4 Qxd1 17. Rfxd1 Bxa2 18. b5 Ne5 19. Nd4 Ng6 20. Nh5 Bxd4 21. Rxd4 Rfc8 22. Rcd1 a5 23. bxa6 bxa6 24. Ra4 Bb3 25. Rda1 Bxa4 26.
Rxa4 Rc1+ 27. Bf1 Rb8 0-1

[Event "*** SCC Grand Prix: Titled Tuesday Blitz"]
[Site "Chess.com"]
[Date "2020.10.06"]
[Round "5"]
[White "GlennTipton"]
[Black "Bastiandash"]
[Result "1-0"]
[WhiteElo "2446"]
[BlackElo "2270"]
[TimeControl "180+1"]
[EndTime "10:54:03 PDT"]
[Termination "GlennTipton won by resignation"]

1. e4 c5 2. Nf3 e6 3. d4 cxd4 4.
Nxd4 a6 5. Nc3 b5 6. Bd3 Qb6 7.
Nf3 Qc7 8. e5 Bb7 9. Bf4 d6 10.
exd6 Bxd6 11. Bxd6 Qxd6 12. Bxb5+ Ke7 13. Qxd6+ Kxd6 14.
O-O-O+ Ke7 15. Ba4 Nf6 16. Rhe1 Bxf3 17. gxf3 Ra7 18. f4 g6 19. Nd5+ Nxd5 20. Rxd5 Rc8 21. Re4 Nc6 22. Rc5 Kd6 23. Rec4 Rac7 24. Rxc6+ Rxc6 25. Rxc6+ Rxc6 26. Bxc6 Kxc6 27. Kd2 Kd5 28. Kd3 f6 29. c4+ Kc5 30. Kc3 a5 31. b3 g5 32.
fxg5 fxg5 33. a3 h5 34. b4+ axb4+ 35. axb4+ Kd6 36. Kd4 g4 37. c5+ Kd7 38. b5 h4 39.
Ke5 Ke7 40. Kf4 g3 41. fxg3 hxg3 42. hxg3 1-0

[Event "*** SCC Grand Prix: Titled Tuesday Blitz"]
[Site "Chess.com"]
[Date "2020.10.06"]
[Round "5"]
[White "Rital44"]
[Black "Kildepiotr"]
[Result "0-1"]
[WhiteElo "2427"]
[BlackElo "2594"]
[TimeControl "180+1"]
[EndTime "10:54:04 PDT"]
[Termination "Kildepiotr won by resignation"]

1. e4 g6 2. h4 h5 3. Nf3 Bg7 4. Ng5 c6 5. Nc3 d5 6. Qf3 Nh6 7. exd5 Bg4 8. Qe4 Bf5 9. Qa4 O-O 10. dxc6 Nxc6 11. d3 Ng4 12. Bf4 Qb6 13. O-O-O Nxf2 14. Be2 Nxh1 15. Rxh1 Nd4 16. Bd1 Rfd8 17. Bd2 Rac8 18. Rf1 e6 19. g4 hxg4 20. Qa3 Bf8 21. Qa4 Qb4 22. Qxa7 Ra8 23. a3 Rxa7 24. axb4 Ra1+ 25. Nb1 Rc8 26. c3 Bxd3 0-1

[Event "*** SCC Grand Prix: Titled Tuesday Blitz"]
[Site "Chess.com"]
[Date "2020.10.06"]
[Round "5"]
[White "night_player"]
[Black "PattyCastillo"]
[Result "1-0"]
[WhiteElo "2243"]
[BlackElo "2005"]
[TimeControl "180+1"]
[EndTime "10:54:05 PDT"]
[Termination "night_player won by resignation"]

1. e4 c5 2. c3 d6 3. d4 cxd4 4. cxd4 Nf6 5. Nc3 g6 6. Nf3 Bg7 7. Be3 O-O 8. Bd3 Nc6 9. O-O Bg4 10. h3 Bd7 11. a3 e6 12. Qd2 a6 13. Rac1 Rc8 14.
Rfd1 Na5 15. e5 dxe5 16. dxe5 Ne8 17. Bc2 Nc4 18. Qxd7 Qxd7 19. Rxd7 Nxb2 20. Ne4 Nc4 21. Bb3 b5 22. Bxc4 Rxc4 23. Rxc4 bxc4 24. Bc5 1-0

[Event "*** SCC Grand Prix: Titled Tuesday Blitz"]
[Site "Chess.com"]
[Date "2020.10.06"]
[Round "5"]
[White "Mostii"]
[Black "Skatchkov_V"]
[Result "0-1"]
[WhiteElo "2425"]
[BlackElo "2589"]
[TimeControl "180+1"]
[EndTime "10:54:11 PDT"]
[Termination "Skatchkov_V won by resignation"]

1. d4 Nf6 2. Nf3 e6 3. g3 b6 4.
Bg2 Bb7 5. O-O Be7 6. b3 O-O 7. Bb2 d5 8. Nbd2 c5 9. c4 dxc4 10. Nxc4 Nbd7 11. e3 Rc8 12. Nfe5 Bxg2 13. Kxg2 Nxe5 14.
Nxe5 Qd5+ 15. Qf3 Rfd8 16. dxc5 Qxf3+ 17. Kxf3 Rxc5 18. Ba3 Rxe5 19. Bxe7 Rd2 20. Rfd1 Rf5+ 0-1

[Event "*** SCC Grand Prix: Titled Tuesday Blitz"]
[Site "Chess.com"]
[Date "2020.10.06"]
[Round "5"]
[White "chessmadara"]
[Black "Colombiano07"]
[Result "1-0"]
[WhiteElo "2113"]
[BlackElo "2314"]
[TimeControl "180+1"]
[EndTime "10:54:16 PDT"]
[Termination "chessmadara won by resignation"]

1. c4 c6 2. Nf3 Nf6 3. g3 d5 4.
Bg2 dxc4 5. O-O Be6 6. a4 Nbd7 7. Ng5 Bd5 8. e4 h6 9. exd5 hxg5 10. dxc6 bxc6 11. Bxc6 Rc8 12. Bg2 e6 13. b3 cxb3 14.
Qxb3 Qb6 15. Qe3 Rxh2 16. Qxb6 Rxg2+ 17. Kxg2 axb6 18. d4 Bb4 19. Bxg5 Ne4 20. Be3 f5 21. Na3 Kf7 22. Nb5 Rc2 23. Rac1 Ra2 24. Rc7 Ke8 25. Ra7 g5 26. Nc7+ Ke7 27. d5 Bd6 28.
dxe6 1-0

[Event "*** SCC Grand Prix: Titled Tuesday Blitz"]
[Site "Chess.com"]
[Date "2020.10.06"]
[Round "5"]
[White "Chuchofrio1"]
[Black "catzapto"]
[Result "0-1"]
[WhiteElo "2327"]
[BlackElo "2155"]
[TimeControl "180+1"]
[EndTime "10:54:28 PDT"]
[Termination "catzapto won by checkmate"]

1. e4 c5 2. Nc3 Nc6 3. Bb5 Nd4 4. Bc4 e6 5. Nge2 Nc6 6. d3 Nf6 7. Bg5 Be7 8. f4 h6 9. Bxf6 Bxf6 10. e5 Be7 11.
Ne4 d5 12. exd6 Bxd6 13. Nxd6+ Qxd6 14. O-O Nd4 15. c3 Nf5 16. Qd2 Bd7 17. Ng3 Nxg3 18. hxg3 Bc6 19. f5 O-O-O 20. fxe6 fxe6 21. Rae1 Qxg3 22. Bxe6+ Kb8 23. Re3 Qg5 24. Qf2 Rhf8 25. Qxf8 Qxg2# 0-1

[Event "*** SCC Grand Prix: Titled Tuesday Blitz"]
[Site "Chess.com"]
[Date "2020.10.06"]
[Round "5"]
[White "Quiet_Desperation"]
[Black "SergeyShtyka"]
[Result "1-0"]
[WhiteElo "1929"]
[BlackElo "2291"]
[TimeControl "180+1"]
[EndTime "10:54:29 PDT"]
[Termination "Quiet_Desperation won by checkmate"]

1. e4 c5 2. Nf3 d6 3. d4 cxd4 4. Nxd4 Nf6 5. Nc3 g6 6. Be3 Bg7 7. Bc4 O-O 8. f3 Nc6 9. Qd2 Bd7 10. O-O-O Qa5 11. Bb3 Rfc8 12. h4 Ne5 13. h5 Nxh5 14. g4 Nf6 15. Bh6 Bh8 16. Bg5 Nc4 17. Bxc4 Rxc4 18.
Nb3 Qe5 19. f4 Qe6 20. Qh2 Rxc3 21. bxc3 Qxe4 22. Rde1 Qc6 23. Rxe7 Bxg4 24. Bxf6 Bxf6 25. Qxh7+ Kf8 26. Qxf7# 1-0

[Event "*** SCC Grand Prix: Titled Tuesday Blitz"]
[Site "Chess.com"]
[Date "2020.10.06"]
[Round "5"]
[White "Rogarcia1"]
[Black "TrickyFortem"]
[Result "1-0"]
[WhiteElo "2186"]
[BlackElo "2462"]
[TimeControl "180+1"]
[EndTime "10:54:33 PDT"]
[Termination "Rogarcia1 won by resignation"]

1. e4 c5 2. Nf3 d6 3. d4 cxd4 4. Qxd4 Nc6 5. Qe3 Bd7 6. Be2 g6 7. h3 Bg7 8. O-O Nf6 9. c4 O-O 10. Rd1 Rc8 11. Nc3 Qa5 12. Bd2 Ne5 13. b3 Nxf3+ 14.
Bxf3 Bc6 15. Rac1 a6 16. Nd5 Qd8 17. Bc3 Nxd5 18. exd5 Bd7 19. Re1 Re8 20. Bxg7 Kxg7 21. Qd4+ Kg8 22. h4 b5 23. h5 bxc4 24. hxg6 hxg6 25.
bxc4 Bf5 26. Be4 Qd7 27. Bxf5 Qxf5 28. Re4 f6 29. Rce1 Kf7 30. Qa7 Qe5 31. Rxe5 fxe5 32.
Re4 Ra8 33. Qd7 Rab8 34. Qe6+ Kg7 35. Rg4 1-0

[Event "*** SCC Grand Prix: Titled Tuesday Blitz"]
[Site "Chess.com"]
[Date "2020.10.06"]
[Round "5"]
[White "Sanyura"]
[Black "kasparicy"]
[Result "1-0"]
[WhiteElo "2546"]
[BlackElo "2386"]
[TimeControl "180+1"]
[EndTime "10:54:37 PDT"]
[Termination "Sanyura won by checkmate"]

1. e4 c5 2. Nf3 d6 3. d4 cxd4 4. Nxd4 Nf6 5. Nc3 a6 6. g3 e6 7. Bg2 Be7 8. O-O O-O 9. Be3 Qc7 10. f4 Bd7 11. Qe2 Nc6 12. Rad1 Nxd4 13. Bxd4 Bc6 14. h3 b5 15. a3 Qb7 16. Kh2 Rac8 17. g4 d5 18. e5 Ne4 19. f5 b4 20. axb4 Bxb4 21. Nxe4 dxe4 22. c3 Bb5 23. Qe3 Bxf1 24. Rxf1 Be7 25.
f6 gxf6 26. exf6 Bd6+ 27. Kh1 Kh8 28. Bxe4 Qb5 29. Kg2 Rg8 30. Rf2 e5 31. Qh6 Rg6 32.
Bxg6 fxg6 33. Qg7# 1-0

[Event "*** SCC Grand Prix: Titled Tuesday Blitz"]
[Site "Chess.com"]
[Date "2020.10.06"]
[Round "5"]
[White "Mr_Sinigami"]
[Black "FMalexhdez"]
[Result "1-0"]
[WhiteElo "2491"]
[BlackElo "2276"]
[TimeControl "180+1"]
[EndTime "10:54:40 PDT"]
[Termination "Mr_Sinigami won by resignation"]

1. d4 Nf6 2. Nf3 e6 3. Bf4 b6 4. e3 Bb7 5. h3 d6 6. Be2 Nbd7 7. O-O c5 8. c3 a6 9. a4 Be7 10. Na3 Qc7 11. Nc4 b5 12. axb5 axb5 13. Rxa8+ Bxa8 14. Na3 b4 15. Nb5 Qb6 16. dxc5 Nxc5 17. Nxd6+ Bxd6 18. Qxd6 Ncd7 19. Ra1 Bb7 20. Qxb6 Nxb6 21. Bb5+ Kd8 22.
Ng5 Kc8 23. Nxf7 1-0

[Event "*** SCC Grand Prix: Titled Tuesday Blitz"]
[Site "Chess.com"]
[Date "2020.10.06"]
[Round "5"]
[White "Sergey85Rodchenkov"]
[Black "kuban1991"]
[Result "0-1"]
[WhiteElo "2464"]
[BlackElo "2810"]
[TimeControl "180+1"]
[EndTime "10:54:42 PDT"]
[Termination "kuban1991 won by resignation"]

1. e4 e6 2. d4 d5 3. Nd2 c5 4.
Ngf3 Nc6 5. exd5 exd5 6. Bb5 Bd6 7. O-O Ne7 8. c3 O-O 9. dxc5 Bxc5 10. Nb3 Bb6 11.
Re1 Bg4 12. Bg5 Qd6 13. Be2 h6 14. Bxe7 Nxe7 15. Nfd4 Bd7 16. Bg4 Bc6 17. Qd3 Rfe8 18. Rad1 Rad8 19. g3 Ng6 20. Nxc6 bxc6 21. Qf5 Re5 22.
Rxe5 Nxe5 23. Be2 Re8 24. Kg2 g6 25. Qf4 g5 26. Qf5 Re6 27. Nd4 Rf6 28. Qc8+ Kh7 29. Bd3+ Nxd3 30. Rxd3 c5 31. Nf3 Qe6 32. Qb7 c4 33.
Rd2 Rxf3 0-1

[Event "*** SCC Grand Prix: Titled Tuesday Blitz"]
[Site "Chess.com"]
[Date "2020.10.06"]
[Round "5"]
[White "juancruzarias"]
[Black "norwaytoadog"]
[Result "1-0"]
[WhiteElo "2494"]
[BlackElo "2291"]
[TimeControl "180+1"]
[EndTime "10:54:46 PDT"]
[Termination "juancruzarias won by resignation"]

1. e4 c5 2. Nc3 Nc6 3. Bb5 Nd4 4. Bc4 Nf6 5. e5 d5 6. exf6 dxc4 7. fxg7 Bxg7 8.
Nge2 Bf5 9. Nxd4 cxd4 10. Ne2 d3 11. cxd3 Qxd3 12. O-O Be5 13. Ng3 Bg4 14. Qxg4 h5 15. Qf5 Qd6 16. Ne4 Bxh2+ 17. Kh1 Qc7 18. f4 e6 19. Qb5+ Kf8 20. Kxh2 Rc8 21. b3 f5 22.
Ba3+ Kf7 23. Ng5+ Kg6 24. Qxc4 1-0

[Event "*** SCC Grand Prix: Titled Tuesday Blitz"]
[Site "Chess.com"]
[Date "2020.10.06"]
[Round "5"]
[White "manitodeplomo"]
[Black "yourstrulyme"]
[Result "1-0"]
[WhiteElo "2583"]
[BlackElo "2416"]
[TimeControl "180+1"]
[EndTime "10:54:47 PDT"]
[Termination "manitodeplomo won by resignation"]

1. d4 Nf6 2. c4 c5 3. d5 e6 4. Nc3 exd5 5. cxd5 d6 6. e4 g6 7. h3 Bg7 8. Nf3 O-O 9. Bd3 b5 10.
Nxb5 Re8 11. O-O Nxe4 12. Bxe4 Rxe4 13. Ng5 Re5 14. f4 Re8 15. f5 Bxf5 16. Rxf5 gxf5 17. Qh5 Qf6 18. Qxh7+ Kf8 19. Bf4 Rd8 20. Rf1 Na6 21. Bxd6+ Rxd6 22. Rxf5 Qg6 23. Rxf7+ Qxf7 24. Nxf7 Rxd5 25.
Nh6 Bxh6 26. Qxh6+ Kf7 27. Qxa6 Re8 28. Nd6+ 1-0

[Event "*** SCC Grand Prix: Titled Tuesday Blitz"]
[Site "Chess.com"]
[Date "2020.10.06"]
[Round "5"]
[White "jefferyx"]
[Black "GiantThresher"]
[Result "1-0"]
[WhiteElo "2913"]
[BlackElo "2792"]
[TimeControl "180+1"]
[EndTime "10:54:49 PDT"]
[Termination "jefferyx won by resignation"]

1. e4 e6 2. d4 d5 3. exd5 exd5 4. Nf3 Nc6 5. Nc3 Bb4 6. Bd3 Nge7 7. O-O O-O 8. Ne2 Bf5 9. Ng3 Bg6 10. h4 Bd6 11. h5 Bxd3 12. Qxd3 h6 13. c3 Qd7 14. Nh2 Rae8 15. Bd2 Bxg3 16. Qxg3 Nc8 17. Bxh6 f6 18.
Bf4 Nd6 19. Bxd6 Qxd6 20. Qxd6 cxd6 21. Rfe1 Kf7 22. Nf1 Ne7 23. g4 g6 24. Ng3 gxh5 25. gxh5 f5 26. Kg2 f4 27. Ne2 Kg7 28. Kf3 Nf5 29. Rh1 Re4 30. Rag1+ Kh7 31. Rg4 b5 32. Rxf4 b4 33. Rxe4 dxe4+ 34. Kxe4 bxc3 35. bxc3 Re8+ 36. Kd3 Rb8 37. Rg1 Kh6 38. Nf4 Ne7 39. Re1 1-0

[Event "*** SCC Grand Prix: Titled Tuesday Blitz"]
[Site "Chess.com"]
[Date "2020.10.06"]
[Round "5"]
[White "szefru"]
[Black "mishanick"]
[Result "0-1"]
[WhiteElo "2205"]
[BlackElo "2985"]
[TimeControl "180+1"]
[EndTime "10:54:54 PDT"]
[Termination "mishanick won by resignation"]

1. e4 e5 2. Nf3 Nc6 3. Bb5 Nf6 4. Qe2 Bd6 5. O-O O-O 6. c3 Re8 7. h3 Ne7 8. d3 Ng6 9. Be3 c6 10. Ba4 Bc7 11. Rd1 d5 12. Bc2 Nh5 13. Nbd2 Nhf4 14. Qe1 Qf6 15. Nf1 Nxh3+ 16. Kh1 Nhf4 17. Ng3 Nh4 18.
Nxh4 Qxh4+ 19. Kg1 Bg4 20. f3 Be6 21. Bxf4 exf4 22.
Ne2 Qg5 23. Qf2 f6 24. d4 Bf7 25. Kf1 Bg6 26. Ng1 dxe4 27. fxe4 Bxe4 28. Nh3 Qb5+ 29. Kg1 Bxc2 30. Qxc2 Re2 31. Qd3 Qxb2 32. Qf3 Re3 33. Qf2 Qxc3 34. Rac1 Qa3 35. d5 Bb6 0-1

[Event "*** SCC Grand Prix: Titled Tuesday Blitz"]
[Site "Chess.com"]
[Date "2020.10.06"]
[Round "5"]
[White "karwowskikacper"]
[Black "Matols"]
[Result "1-0"]
[WhiteElo "2468"]
[BlackElo "2273"]
[TimeControl "180+1"]
[EndTime "10:54:58 PDT"]
[Termination "karwowskikacper won by resignation"]

1. b3 d5 2. Bb2 e6 3. f4 Nf6 4. Nf3 Be7 5. e3 c5 6. Be2 Nc6 7. O-O b6 8. Ne5 Bb7 9. g4 Nxe5 10. fxe5 Nd7 11. Bb5 Bh4 12. Qf3 Qe7 13. d3 a6 14.
Bxd7+ Qxd7 15. Nd2 d4 16. e4 Rf8 17. Qh3 Bg5 18. Nc4 Qc7 19. Nd6+ Ke7 20. Qxh7 Rad8 21. Qxg7 Rxd6 22. Qxg5+ 1-0

[Event "*** SCC Grand Prix: Titled Tuesday Blitz"]
[Site "Chess.com"]
[Date "2020.10.06"]
[Round "5"]
[White "misterlamine"]
[Black "creativity"]
[Result "1-0"]
[WhiteElo "2330"]
[BlackElo "2063"]
[TimeControl "180+1"]
[EndTime "10:55:01 PDT"]
[Termination "misterlamine won on time"]

1. d4 f5 2. c4 Nf6 3. Nf3 g6 4. Nc3 Bg7 5. g3 O-O 6. Bg2 d6 7. O-O Qe8 8. Re1 Ne4 9. Nxe4 fxe4 10. Ng5 Nc6 11. e3 e5 12. d5 Na5 13. b3 b5 14. Bd2 Nb7 15. Nxe4 a5 16. Nc3 e4 17.
Nxb5 Qf7 18. Rf1 Nc5 19. Bc3 h5 20. Bxg7 Qxg7 21. Qd4 Rf7 22. Nc3 Qxd4 23. exd4 Nd3 24. Bxe4 1-0

[Event "*** SCC Grand Prix: Titled Tuesday Blitz"]
[Site "Chess.com"]
[Date "2020.10.06"]
[Round "5"]
[White "sergeikim"]
[Black "GM_Levan_Pantsulaia"]
[Result "0-1"]
[WhiteElo "2526"]
[BlackElo "2789"]
[TimeControl "180+1"]
[EndTime "10:55:03 PDT"]
[Termination "GM_Levan_Pantsulaia won by resignation"]

1. d4 Nf6 2. c4 c5 3. d5 e6 4. Nc3 exd5 5. cxd5 d6 6. e4 g6 7. Nge2 Bg7 8. Ng3 h5 9. Be2 O-O 10. Bg5 Na6 11. O-O Nc7 12. Qd2 Qe8 13. a4 Nh7 14. Bh4 Qe5 15. f4 Qd4+ 16. Qxd4 Bxd4+ 17. Kh1 Re8 18. Bd3 Bd7 19. Nge2 Bg7 20. a5 b5 21.
axb6 axb6 22. Bg3 f5 23. exf5 Bxf5 24. Bxf5 gxf5 25. Bh4 Kf7 26. h3 b5 27. Rxa8 Rxa8 28.
Ng3 Kg6 29. Re1 b4 30. Nd1 Ra1 31. b3 Nxd5 32. Re6+ Bf6 33. Bxf6 Rxd1+ 34. Kh2 Nhxf6 35. Rxd6 Rd3 36. Rc6 Rxb3 37. Rxc5 Rxg3 0-1

[Event "*** SCC Grand Prix: Titled Tuesday Blitz"]
[Site "Chess.com"]
[Date "2020.10.06"]
[Round "5"]
[White "GelmanAlexander"]
[Black "WIDBIFS"]
[Result "1-0"]
[WhiteElo "2587"]
[BlackElo "2726"]
[TimeControl "180+1"]
[EndTime "10:55:09 PDT"]
[Termination "GelmanAlexander won on time"]

1. d4 Nf6 2. Nc3 d5 3. Bf4 c6 4. f3 Bf5 5. g4 Bg6 6. h4 h5 7. g5 Nfd7 8. e4 e6 9. Nge2 Be7 10. Bg3 Qb6 11. Qd2 Na6 12. O-O-O Rd8 13. Nf4 Nf8 14. exd5 exd5 15. Re1 Bf5 16. Bd3 Bxd3 17.
Qxd3 Nc7 18. g6 fxg6 19. Nxg6 Nxg6 20. Qxg6+ Kf8 21. Rxe7 1-0

[Event "*** SCC Grand Prix: Titled Tuesday Blitz"]
[Site "Chess.com"]
[Date "2020.10.06"]
[Round "5"]
[White "Piotrek1979"]
[Black "Guenplen"]
[Result "1-0"]
[WhiteElo "2481"]
[BlackElo "2827"]
[TimeControl "180+1"]
[EndTime "10:55:09 PDT"]
[Termination "Piotrek1979 won by checkmate"]

1. Nf3 d5 2. g3 c6 3. Bg2 Bg4 4. O-O Nd7 5. d4 e6 6. c4 Bd6 7.
Nbd2 Ngf6 8. Qb3 Rb8 9. Re1 Qa5 10. c5 Bc7 11. e4 dxe4 12. Nxe4 Bxf3 13. Bd2 Qa6 14.
Bxf3 Nxe4 15. Rxe4 Nf6 16. Rxe6+ fxe6 17. Qxe6+ Kf8 18.
Bh6 Bd8 19. Bf4 Be7 20. Bxb8 Qd3 21. Re1 Ng8 22. Bd6 Qxf3 23. Bxe7+ Nxe7 24. Qxe7+ Kg8 25. Qe6+ Qf7 26. Qc8+ Qf8 27. Re8 Kf7 28. Qe6# 1-0

[Event "*** SCC Grand Prix: Titled Tuesday Blitz"]
[Site "Chess.com"]
[Date "2020.10.06"]
[Round "5"]
[White "DanielDardha2005"]
[Black "Konavets"]
[Result "0-1"]
[WhiteElo "2677"]
[BlackElo "2998"]
[TimeControl "180+1"]
[EndTime "10:55:10 PDT"]
[Termination "Konavets won by resignation"]

1. d4 Nf6 2. c4 e5 3. dxe5 Ng4 4. e3 Nxe5 5. Nh3 g6 6. Nf4 Bg7 7. Nc3 O-O 8. Be2 d6 9. O-O Re8 10. Nfd5 a5 11. Qc2 Na6 12. a3 Nc5 13. e4 Nc6 14. Nb5 Ne6 15. Bd3 Ncd4 16. Nxd4 Nxd4 17. Qd1 c6 18. Nc3 Qh4 19. Be3 Bg4 20. Be2 Nxe2+ 21. Nxe2 Bxe2 22. Qxe2 Qxe4 23. Rad1 d5 24. cxd5 cxd5 25.
Qd2 d4 26. Bh6 Bxh6 27. Qxh6 Rac8 28. h4 Rc2 29. Rfe1 Qxe1+ 30. Rxe1 Rxe1+ 31. Kh2 Rxf2 32. Qg5 Re8 33. Qxa5 Rf5 34. Qa4 Rd8 35. g4 Rfd5 36. Qd1 d3 37. Qd2 Re5 38. Qc3 d2 39. Qxe5 d1=Q 40.
h5 Qd6 41. h6 Qxe5+ 0-1

[Event "*** SCC Grand Prix: Titled Tuesday Blitz"]
[Site "Chess.com"]
[Date "2020.10.06"]
[Round "5"]
[White "Swarnapuri"]
[Black "MiroVlasenko"]
[Result "0-1"]
[WhiteElo "2609"]
[BlackElo "2799"]
[TimeControl "180+1"]
[EndTime "10:55:10 PDT"]
[Termination "MiroVlasenko won by resignation"]

1. d4 Nc6 2. Bf4 d6 3. Nf3 Bg4 4. Nbd2 g6 5. h3 Bxf3 6. Nxf3 Bg7 7. e3 e5 8. Bh2 e4 9. Nd2 f5 10. c4 Nf6 11. Be2 O-O 12. Qb3 Rb8 13. O-O Kh8 14.
Rac1 Qe7 15. Qa3 g5 16. d5 Ne5 17. c5 g4 18. cxd6 cxd6 19. Nc4 Nxc4 20. Rxc4 Rbd8 21.
hxg4 fxg4 22. Rfc1 Nxd5 23. Bxg4 Qh4 24. Rxe4 Qxf2+ 25. Kh1 Bxb2 26. Qb3 Bxc1 27. Qxd5 Bb2 28. Bf4 Bg7 29.
Qh5 d5 30. Re7 Rxf4 31. Kh2 Rff8 32. Rxb7 Qxe3 0-1

[Event "*** SCC Grand Prix: Titled Tuesday Blitz"]
[Site "Chess.com"]
[Date "2020.10.06"]
[Round "5"]
[White "tlomigtlis"]
[Black "Zemerovv"]
[Result "1-0"]
[WhiteElo "2492"]
[BlackElo "2277"]
[TimeControl "180+1"]
[EndTime "10:55:11 PDT"]
[Termination "tlomigtlis won by resignation"]

1. d4 g6 2. c4 Bg7 3. g3 d6 4. Bg2 Nc6 5. Nf3 Bg4 6. O-O Bxf3 7. Bxf3 Nxd4 8. Bxb7 Rb8 9. Bg2 c5 10. e3 Ne6 11. Nc3 Nf6 12. Qa4+ Kf8 13. e4 Nd4 14. b3 h5 15. h3 h4 16. g4 Nd7 17.
Be3 f5 18. exf5 gxf5 19. gxf5 Bf6 20. Rad1 Rg8 21. Kh1 Ne5 22. Nd5 Nxf5 23. Nxf6 exf6 24. Bxc5 Qc7 25. Qxa7 Qxa7 26. Bxa7 Rd8 27. Bb6 Rd7 28. Bd5 Rg5 29. f4 Rg3 30. fxe5 Rxh3+ 31. Kg2 Rg3+ 32. Kh2 Rg5 33. Be6 Rb7 34. Bd8 Ng3 35. Bxf6 Nxf1+ 36. Rxf1 Rg6 37. exd6 Rxf6 38. Rxf6+ Ke8 39. d7+ Ke7 40.
Rf7+ Kxe6 41. d8=N+ 1-0

[Event "*** SCC Grand Prix: Titled Tuesday Blitz"]
[Site "Chess.com"]
[Date "2020.10.06"]
[Round "5"]
[White "markberk"]
[Black "chorejason"]
[Result "1-0"]
[WhiteElo "2398"]
[BlackElo "2158"]
[TimeControl "180+1"]
[EndTime "10:55:14 PDT"]
[Termination "markberk won by resignation"]

1. Nf3 c5 2. c4 Nf6 3. Nc3 g6 4. e3 Bg7 5. d4 cxd4 6. exd4 O-O 7. d5 d6 8. Be2 e6 9. dxe6 Bxe6 10. Nd4 d5 11. O-O Nc6 12. Nxe6 fxe6 13. Bg5 h6 14. Bxf6 Qxf6 15. cxd5 Rad8 16. d6 Nd4 17. Bc4 Rxd6 18.
Ne4 Qe7 19. Nxd6 Qxd6 20. Qg4 Kh7 21. Rad1 Qc5 22. Bd3 Nf5 23. b3 h5 24. Qc4 Qe7 25. Rde1 Nd4 26. Re4 e5 27. Qxd4 1-0

[Event "*** SCC Grand Prix: Titled Tuesday Blitz"]
[Site "Chess.com"]
[Date "2020.10.06"]
[Round "5"]
[White "stanyga"]
[Black "LogoCzar"]
[Result "1-0"]
[WhiteElo "2612"]
[BlackElo "2428"]
[TimeControl "180+1"]
[EndTime "10:55:18 PDT"]
[Termination "stanyga won by checkmate"]

1. d4 d5 2. c4 c6 3. Nc3 Nf6 4.
Nf3 e6 5. Bg5 dxc4 6. e4 b5 7. e5 h6 8. Bh4 g5 9. Nxg5 hxg5 10.
Bxg5 Nbd7 11. exf6 Bb7 12. a3 Qb6 13. g3 O-O-O 14.
Bg2 c5 15. d5 b4 16. Na4 Qb5 17. axb4 cxb4 18. O-O Ne5 19. Qe2 Rxd5 20. b3 c3 21. Qe3 Ng4 22. Qxa7 Rxg5 23. Nb6+ Qxb6 24. Qxb6 Bxg2 25.
Ra7 Rc5 26. Kxg2 Rxh2+ 27. Kg1 c2 28. Qb7+ Kd8 29. Qd7# 1-0

[Event "*** SCC Grand Prix: Titled Tuesday Blitz"]
[Site "Chess.com"]
[Date "2020.10.06"]
[Round "5"]
[White "Msb2"]
[Black "Alexander_Moskalenko"]
[Result "1-0"]
[WhiteElo "2922"]
[BlackElo "2813"]
[TimeControl "180+1"]
[EndTime "10:55:19 PDT"]
[Termination "Msb2 won by resignation"]

1. d4 d5 2. Nf3 Nf6 3. Bf4 c5 4. e3 Nc6 5. Nbd2 cxd4 6. exd4 Bg4 7. c3 e6 8. Qb3 Bd6 9. Bxd6 Qxd6 10. Bd3 O-O 11.
O-O Rab8 12. Rae1 Bxf3 13. Nxf3 b5 14. a3 Nd7 15. Qc2 g6 16. Qd2 Rfe8 17. h4 Qe7 18. h5 Qf6 19. Re3 a5 20. g3 b4 21.
axb4 axb4 22. Kg2 bxc3 23. bxc3 Ne7 24. Rh1 Nf5 25. Bxf5 gxf5 26. h6 Kh8 27. Ree1 Rbc8 28. Ra1 Rc7 29. Qf4 Rec8 30. Qxc7 Rxc7 31. Ra8+ 1-0

[Event "*** SCC Grand Prix: Titled Tuesday Blitz"]
[Site "Chess.com"]
[Date "2020.10.06"]
[Round "5"]
[White "FairChess_on_YouTube"]
[Black "tsvet2005"]
[Result "1-0"]
[WhiteElo "2970"]
[BlackElo "2677"]
[TimeControl "180+1"]
[EndTime "10:55:22 PDT"]
[Termination "FairChess_on_YouTube won by resignation"]

1. e4 c5 2. Nc3 d6 3. Nge2 Nf6 4. g3 Nc6 5. Bg2 g6 6. d3 Bg7 7. O-O O-O 8. h3 Rb8 9. f4 Nd7 10. a4 a6 11. g4 b5 12. axb5 axb5 13. Nd5 Nd4 14.
Nxd4 Bxd4+ 15. Kh1 f5 16. gxf5 gxf5 17. e5 e6 18. c3 exd5 19. cxd4 cxd4 20. Qh5 Kh8 21. Qh6 dxe5 22. fxe5 Rb6 23. e6 Nc5 24. Ra7 Rb7 25. Rxb7 Bxb7 26. Bg5 1-0

[Event "*** SCC Grand Prix: Titled Tuesday Blitz"]
[Site "Chess.com"]
[Date "2020.10.06"]
[Round "5"]
[White "TomasKapitanchuk"]
[Black "FloMasterAAK"]
[Result "0-1"]
[WhiteElo "2391"]
[BlackElo "2555"]
[TimeControl "180+1"]
[EndTime "10:55:22 PDT"]
[Termination "FloMasterAAK won by resignation"]

1. e4 e5 2. Nf3 Nc6 3. Bc4 Nf6 4. d3 Be7 5. O-O O-O 6. Re1 Re8 7. Nc3 d6 8. Ng5 Rf8 9. h3 Nd4 10. a4 h6 11. Nf3 Nxf3+ 12. Qxf3 Kh8 13. Be3 c6 14. d4 Be6 15. Bxe6 exd4 16. Bxd4 fxe6 17. Qg3 e5 18. Be3 Qe8 19. Rad1 Nh5 20. Qg4 Nf4 21. Kh2 Rf6 22. g3 Ne6 23. h4 Qf7 24. Kg2 Rf8 25. Rd2 Nf4+ 26. Kg1 Rg6 27. Qf5 Qe8 28. Bxf4 Rxf5 29.
exf5 Rg4 30. Be3 Qh5 31. f6 gxf6 32. Kf1 f5 33. Bxa7 Rg6 34. Be3 Qf3 0-1